 Dungeon Crawl Stone Soup version 0.27.1-35-g4d5d836560 (console) character file.

Game seed: 3924589957204931119

1756369 Banquo the Conqueror (level 27, 249/249 HPs)
             Began as a Formicid Fighter on Mar 5, 2022.
             Was the Champion of Qazlal.
             Escaped with the Orb
             ... and 3 runes on Mar 9, 2022!
             The game lasted 06:23:03 (69301 turns).

Banquo the Conqueror (Formicid Fighter)            Turns: 69301, Time: 06:23:03

Health: 249/249    AC: 35    Str: 41    XL:     27
Magic:  32/32      EV: 13    Int:  6    God:    Qazlal [******]
Gold:   7176       SH: 47    Dex: 11    Spells: 26/26 levels left

rFire    + + .     SeeInvis +   a - +8 exec axe {freezing cloud, *Noise Fly rC+}
rCold    + + .     Faith    .   i - +10 tower shield of Ignorance {rN+ Int-4}
rNeg     + + +     Spirit   .   d - +9 gold dragon scales
rPois    +         Reflect  .   (helmet unavailable)
rElec    +         Harm     .   e - scarf {rC+ rF+}
rCorr    +         Rampage  .   g - +0 pair of gloves
Will     +++..                  f - +0 pair of boots "Dumnojeo" {rN+ Will+ Str+2 Slay+3}
Stlth    ..........             j - amulet of regeneration
HPRegen  1.51/turn              R - ring "Hefoigu" {Fly Will+ rCorr}
MPRegen  0.23/turn              E - ring of the Harvest {rElec rC- rN+ Will- Str+10}

@: flying, repel missiles
A: permanent stasis, dig shafts and tunnels, antennae 3, four strong arms, low
mp 1, passive freeze, weak 1
0: Orb of Zot
}: 3/15 runes: serpentine, barnacled, silver
a: Dig, Shaft Self, Renounce Religion, Upheaval, Elemental Force, Disaster Area


You escaped.
You worshipped Qazlal.
Qazlal was exalted by your worship.
You visited 9 branches of the dungeon, and saw 49 of its levels.
You visited 2 bazaars.
You also visited: Bailey, Ice Cave, Volcano, Wizlab and Desolation.

You collected 8816 gold pieces.
You spent 1640 gold pieces at shops.

Inventory:

Hand Weapons
 a - the +8 frozen axe "Frostbite" (weapon) {freezing cloud, *Noise Fly rC+}
   (You found it on level 15 of the Dungeon)

   It freezes those it strikes, dealing additional cold damage.
   It can also slow down cold-blooded creatures.
   It occasionally leaves clouds of freezing vapour upon striking a foe.
   It grants immunity to clouds of freezing vapour.
   rC:        It protects you from cold.
   Fly:       It grants you flight.
   *Noise:    It may make noises in combat.
 b - the +10 spear of the Dancing Firefly {vorpal, rElec Str+4 Int+4}
   (You found it on level 1 of the Snake Pit)

   It inflicts extra damage upon your enemies.
   Str:       It affects your strength (+4).
   Int:       It affects your intelligence (+4).
   rElec:     It insulates you from electricity.
 c - a +1 antimagic battleaxe
 C - a +5 battleaxe of flaming
 G - a +2 vampiric war axe
 H - the +5 broad axe "Ant's Peril" {holy, rElec rC+ Dex-5}
   (You bought it in a shop on level 2 of the Orcish Mines)

   It has been blessed by the Shining One to cause great damage to the undead
   and demons.
   Dex:       It affects your dexterity (-5).
   rC:        It protects you from cold.
   rElec:     It insulates you from electricity.
Missiles
 n - 19 throwing nets
 I - 140 boomerangs (quivered)
 L - 20 boomerangs of dispersal
Armour
 d - +9 gold dragon scales (worn)
 e - a scarf of resistance (worn)
 f - the +0 pair of boots "Dumnojeo" (worn) {rN+ Will+ Str+2 Slay+3}
   (You acquired it in a bailey)

   Str:       It affects your strength (+2).
   Slay:      It affects your accuracy & damage with ranged weapons and melee
   (+3).
   rN:        It protects you from negative energy.
   Will:      It increases your willpower.
 g - a +0 pair of gloves (worn)
 i - the +10 tower shield of Ignorance (worn) {rN+ Int-4}
   (You found it in a wizard's laboratory)

   Int:       It affects your intelligence (-4).
   rN:        It protects you from negative energy.
Jewellery
 j - an amulet of regeneration (around neck)
 E - the ring of the Harvest (right hand) {rElec rC- rN+ Will- Str+10}
   (You found it on level 5 of the Depths)

   [ring of positive energy]

   Str:       It affects your strength (+10).
   rC:        It makes you vulnerable to cold.
   rElec:     It insulates you from electricity.
   rN:        It protects you from negative energy.
   Will:      It decreases your willpower.
 P - the ring "Ytav" {rPois rC+ Str+5 Int+3}
   (You found it on level 4 of the Shoals)

   [ring of protection from cold]

   Str:       It affects your strength (+5).
   Int:       It affects your intelligence (+3).
   rC:        It protects you from cold.
   rPois:     It protects you from poison.
 R - the ring "Hefoigu" (left hand) {Fly Will+ rCorr}
   (You found it on level 4 of the Depths)

   [ring of resist corrosion]

   Fly:       It grants you flight.
   rCorr:     It protects you from acid and corrosion.
   Will:      It increases your willpower.
 U - a ring of protection from fire
Wands
 h - a wand of iceblast (41)
 t - a wand of flame (59)
 J - a wand of acid (31)
 M - a wand of digging (14)
 T - a wand of mindburst (15)
Scrolls
 l - 8 scrolls of noise
 m - 4 scrolls of magic mapping
 p - 4 scrolls of silence
 s - 7 scrolls of fear
 x - 14 scrolls of fog
 Q - 4 scrolls of summoning
 W - 6 scrolls of enchant weapon
Potions
 o - 5 potions of ambrosia
 q - 6 potions of mutation
 r - 6 potions of magic
 v - 16 potions of curing
 w - 6 potions of invisibility
 A - 12 potions of cancellation
 B - 6 potions of resistance
 K - 15 potions of heal wounds
 S - 8 potions of might
Miscellaneous
 z - a phantom mirror
 Y - a box of beasts


   Skills:
 O Level 27 Fighting
 - Level 26.0 Axes
 - Level 5.0 Throwing
 - Level 20.0 Armour
 - Level 15.0 Dodging
 + Level 24.9 Shields
 - Level 18.0 Invocations


You had 26 spell levels left.
You didn't know any spells.
Your spell library contained the following spells:

 Spells                   Type           Power      Damage    Failure   Level
 Animate Skeleton         Necr           0%         N/A       95%         1
 Apportation              Tloc           0%         N/A       95%         1
 Beastly Appendage        Tmut           0%         N/A       95%         1
 Corona                   Hex            0%         N/A       95%         1
 Foxfire                  Conj/Fire      0%         2x1d4     95%         1
 Freeze                   Ice            0%         1d3       95%         1
 Magic Dart               Conj           0%         1d3       95%         1
 Pain                     Necr           0%         1d4       95%         1
 Sting                    Tmut/Pois      0%         1d3       95%         1
 Summon Small Mammal      Summ           0%         N/A       95%         1
 Call Imp                 Summ           0%         N/A       99%         2
 Ensorcelled Hibernation  Hex/Ice        0%         N/A       99%         2
 Poisonous Vapours        Pois/Air       0%         N/A       99%         2
 Searing Ray              Conj           0%         3d3       99%         2
 Slow                     Hex            0%         N/A       99%         2
 Static Discharge         Conj/Air       0%         N/A       99%         2
 Sublimation of Blood     Necr           0%         N/A       99%         2
 Wereblood                Tmut           0%         N/A       99%         2
 Call Canine Familiar     Summ           0%         N/A       100%        3
 Confusing Touch          Hex            0%         N/A       100%        3
 Conjure Flame            Conj/Fire      0%         6-21      100%        3
 Dazzling Flash           Conj/Hex       0%         N/A       100%        3
 Frozen Ramparts          Ice            0%         1d2       100%        3
 Gell's Gravitas          Tloc           0%         N/A       100%        3
 Ignite Poison            Fire/Tmut/Pois 0%         N/A       100%        3
 Lesser Beckoning         Tloc           0%         N/A       100%        3
 Mephitic Cloud           Conj/Pois/Air  0%         N/A       100%        3
 Ozocubu's Armour         Ice            0%         N/A       100%        3
 Portal Projectile        Hex/Tloc       0%         N/A       100%        3
 Spider Form              Tmut/Pois      0%         N/A       100%        3
 Stone Arrow              Conj/Erth      0%         3d7       100%        3
 Summon Guardian Golem    Hex/Summ       0%         N/A       100%        3
 Teleport Other           Tloc           0%         N/A       100%        3
 Tukima's Dance           Hex            0%         N/A       100%        3
 Vampiric Draining        Necr           0%         2d6       100%        3
 Airstrike                Air            0%         N/A       100%        4
 Animate Armour           Summ/Erth      0%         N/A       100%        4
 Animate Dead             Necr           0%         N/A       100%        4
 Cause Fear               Hex            0%         N/A       100%        4
 Dispel Undead            Necr           0%         3d6       100%        4
 Fulminant Prism          Conj/Hex       0%         3d6       100%        4
 Hailstorm                Conj/Ice       0%         3d3       100%        4
 Ice Form                 Ice/Tmut       0%         N/A       100%        4
 Iskenderun's Mystic Bla  Conj/Tloc      0%         2d3       100%        4
 Leda's Liquefaction      Hex/Erth       0%         N/A       100%        4
 Olgreb's Toxic Radiance  Pois           0%         N/A       100%        4
 Passage of Golubria      Tloc           N/A        N/A       100%        4
 Petrify                  Tmut/Erth      0%         N/A       100%        4
 Sticky Flame             Conj/Fire      0%         2d3       100%        4
 Summon Ice Beast         Ice/Summ       0%         N/A       100%        4
 Summon Lightning Spire   Summ/Air       0%         N/A       100%        4
 Agony                    Necr           0%         N/A       100%        5
 Alistair's Intoxication  Tmut/Pois      0%         N/A       100%        5
 Blade Hands              Tmut           0%         N/A       100%        5
 Bolt of Magma            Conj/Fire/Erth 0%         4d4       100%        5
 Borgnjor's Vile Clutch   Necr/Erth      0%         N/A       100%        5
 Excruciating Wounds      Necr           0%         N/A       100%        5
 Fireball                 Conj/Fire      0%         3d3       100%        5
 Freezing Cloud           Conj/Ice/Air   0%         6-21      100%        5
 Irradiate                Conj/Tmut      0%         3d13      100%        5
 Iskenderun's Battlesphe  Conj           0%         2d6       100%        5
 Lightning Bolt           Conj/Air       0%         1d11      100%        5
 Metabolic Englaciation   Hex/Ice        0%         N/A       100%        5
 Silence                  Hex/Air        0%         N/A       100%        5
 Summon Forest            Summ/Tloc      0%         N/A       100%        5
 Yara's Violent Unravell  Hex/Tmut       0%         3d3       100%        5
 Conjure Ball Lightning   Conj/Air       0%         3x3d6     100%        6
 Death Channel            Necr           0%         N/A       100%        6
 Dispersal                Tloc           0%         N/A       100%        6
 Eringya's Noxious Bog    Tmut/Pois      0%         N/A       100%        6
 Iron Shot                Conj/Erth      0%         9d1       100%        6
 Shadow Creatures         Summ           N/A        N/A       100%        6
 Simulacrum               Ice/Necr       0%         N/A       100%        6
 Starburst                Conj/Fire      0%         6d3       100%        6
 Dragon Form              Tmut           0%         N/A       100%        7
 Haunt                    Necr/Summ      0%         N/A       100%        7
 Malign Gateway           Summ/Tloc      0%         N/A       100%        7
 Monstrous Menagerie      Summ           0%         N/A       100%        7
 Orb of Destruction       Conj           0%         N/A       100%        7
 Spellforged Servitor     Conj/Summ      0%         N/A       100%        7
 Summon Hydra             Summ           0%         N/A       100%        7
 Discord                  Hex            0%         N/A       100%        8
 Disjunction              Tloc           0%         N/A       100%        8
 Ignition                 Fire           0%         3d3       100%        8
 Lehudib's Crystal Spear  Conj/Erth      0%         10d2      100%        8
 Maxwell's Capacitive Co  Air            0%         ∞         100%        8
 Summon Horrible Things   Summ           0%         N/A       100%        8
 Dragon's Call            Summ           0%         N/A       100%        9
 Fire Storm               Conj/Fire      0%         5d1       100%        9
 Shatter                  Erth           0%         3d5*      100%        9
 Blink                    Tloc           Unusable   N/A       N/A         2

Dungeon Overview and Level Annotations

Branches:
Dungeon (15/15)            Temple (0/1) D:4            Lair (6/6) D:9
 Shoals (4/4) Lair:2        Snake (4/4) Lair:2        Slime (0/5) Lair:6
    Orc (2/2) D:10            Elf (3/3) Orc:2        Vaults (5/5) D:13
  Crypt (0/3) Vaults:3     Depths (5/5) D:15            Zot (5/5) Depths:5
 Bailey (visited)           IceCv (visited)         Volcano (visited)
 WizLab (visited)         Desolation (visited)

Altars:
Ashenzari
Gozag
Makhleb
Qazlal
Sif Muna
Trog
Uskayaw
Wu Jian
Beogh
Jiyva
Lugonu

Shops:
D:2 ?   D:13 [   Orc:2 [([*   Elf:1 (   Elf:2 *   Shoals:2 [   Snake:3 :=:=
Vaults:1 (   Vaults:4 *

Portals:
Hell: Depths:1 Depths:2 Depths:3 Depths:4 Depths:5
Abyss: Depths:4 Depths:5
Pandemonium: Depths:1 Depths:3
Ziggurat: Depths:5


Innate Abilities, Weirdness & Mutations

You cannot be hasted, slowed, berserked, paralysed or teleported.
You can dig through walls and to a lower floor.
You have a pair of large antennae on your head. (SInv)
Your four strong arms can wield two-handed weapons with a shield.
Your magical capacity is low. (-10% MP)
A frigid envelope surrounds you and freezes all who hurt you.
You are weak. (Str -2)


Message History

There is a stone staircase leading up here.
You fly upwards.
There is a stone staircase leading down here.
A reaper comes into view. It is wielding a +1 scythe of venom.
You slice the reaper!! You freeze the reaper.
The reaper is moderately wounded.
You closely miss the reaper.
The reaper is moderately wounded.
You block the reaper's attack.
You open the reaper like a pillowcase!!!
The reaper is severely wounded.
The reaper hits you but does no damage.
The reaper resists.
The reaper is very cold.
The reaper is severely wounded.
You barely miss the reaper.
The reaper is severely wounded.
You hit the reaper but do no damage.
The reaper is severely wounded.
You block the reaper's attack.
You chop the reaper into pieces!!!! You freeze the reaper.
You kill the reaper!
Qazlal accepts your kill.
You see here a +1 scythe of venom.
(D) Dungeon (T) Temple (L) Lair (A) Shoals (P) Snake Pit (M) Slime Pits (O) Orcish Mines (E) Elven Halls (V) Vaults (C) Crypt (U) Depths (H) Hell (Z) Zot
Where to? (* - list waypoints, Enter - D:1, ? - help) HP restored.
There is a stone staircase leading up here.
You fly upwards.
There is a stone staircase leading down here.
There is a stone staircase leading up here.
You fly upwards.
There is a stone staircase leading down here.
You reach down and open the door.
There is an open door here.
There is a staircase leading out of the dungeon here.
Enter note: Woot!
You have escaped!

#######.............#
#...................#
#.......##.##.......#
#.......##.#........#
#######..#..........#
##...#.......##
#.....++'+++.#
#.#...+..○.+.#
#.#...+.@.○+.#
#.#...+....+.#
#.#...+....+.#
#.##..°+++++.#
#.##.........#
#.##...##....#
#.###..#.##..# #.#
#.>#.....# #.#
##.#.##..#


There were no monsters in sight!

Vanquished Creatures
  5 dread liches
  4 ancient liches
  Mara (Vaults:2)
  5 orbs of fire
  2 juggernauts (Depths:4)
  A royal mummy (WizLab)
  8 Killer Klowns
  Vashnia (Snake:4)
  Saint Roka (Depths:4)
  8 caustic shrikes
  13 golden dragons
  The ghost of Janeylunn the Victor of a Thousand Battles, a veteran GnWn of Okawaru (Depths:5)
  4 electric golems
  A Tzitzimitl (Zot:5)
  A hellephant (Zot:3)
  A Hell Sentinel (Zot:5)
  20 tentacled monstrosities
  An Ice Fiend (D:5)
  Jorgrun (Snake:2)
  29 Orb Guardians
  4 liches
  Asterion (Depths:2)
  2 deep elf blademasters (Elf:3)
  8 titans
  8 quicksilver dragons
  A quicksilver dragon (shapeshifter) (Depths:2)
  2 deep elf master archers (Elf:3)
  2 krakens
  10 death cobs
  Frances (D:14)
  4 sphinxes
  Polyphemus (Shoals:3)
  The ghost of Dittersdorf the Severer, an adept MiBe of Trog (Snake:3)
  10 tengu reavers
  10 shadow dragons
  22 storm dragons
  Donald (Snake:4)
  5 nagarajas
  12 frost giants
  15 fire giants
  Ilsuiw (Shoals:3)
  5 draconian scorchers
  An imperial myrmidon (Desolation)
  2 draconian monks
  2 draconian knights
  6 orc warlords
  14 vault wardens
  5 deep elf sorcerers
  6 draconian stormcallers
  3 angels (Depths:5)
  A juggernaut zombie (WizLab)
  A warmonger (Zot:5)
  3 draconian shifters
  A deep elf elementalist (Elf:3)
  3 draconian annihilators
  2 spriggan defenders
  22 ironbound preservers
  3 war gargoyles
  2 reapers
  22 stone giants
  15 very ugly things
  Nessos (Lair:4)
  7 green draconians
  5 vampire knights
  6 deep elf demonologists
  10 dire elephants
  2 halazid warlocks (Desolation)
  2 red draconians
  4 black draconians
  6 deep elf annihilators (Elf:3)
  5 purple draconians
  6 white draconians
  2 entropy weavers
  8 yellow draconians
  Snorg (Lair:4)
  The ghost of makewrite the Impaler, a journeyman MiMo of Yredelemnul (Lair:3)
  16 spark wasps
  4 deep elf death magi
  A blizzard demon (D:15)
  5 merfolk javelineers
  14 fire dragons
  7 deep elf high priests
  17 ettins
  12 merfolk impalers
  2 mummy priests (WizLab)
  11 yaktaur captains
  4 crystal guardians
  15 ice dragons
  7 great orbs of eyes
  8 ragged hierophants (Desolation)
  11 ironbound thunderhulks
  5 salamander tyrants
  5 servants of whispers (Desolation)
  7 hydras
  27 vault guards
  7 peacekeepers
  A hydra (shapeshifter) (Vaults:5)
  13 naga warriors
  4 boulder beetles
  3 merfolk avatars
  3 rakshasas
  A catoblepas (Shoals:3)
  3 spriggan air magi
  12 ironbound frosthearts
  23 anacondas
  A satyr (shapeshifter) (Vaults:5)
  2 ogre magi
  2 merfolk aquamancers
  23 centaur warriors
  32 dancing weapons
  5 two-headed ogres
  4 deep troll earth magi
  12 naga sharpshooters
  7 tengu warriors
  6 deep troll shamans
  3 death yaks (Shoals:3)
  2 hell hogs (Zot:3)
  An orc high priest (Orc:2)
  12 deep elf knights
  5 sun demons
  10 ironbound beastmasters
  4 spriggan berserkers
  3 shock serpents
  3 spriggans (Depths:3)
  5 salamander mystics
  5 hell knights (Depths:3)
  A shock serpent (shapeshifter) (D:14)
  A sixfirhy (Depths:5)
  8 iron trolls
  A skeletal warrior (D:13)
  A shadow wraith (Vaults:5)
  54 deep trolls
  A spectral death yak (Lair:3)
  16 sea snakes
  A spark wasp zombie (Depths:4)
  A gelid demonspawn (Zot:5)
  An infernal demonspawn (Depths:1)
  2 torturous demonspawn
  An orange crystal statue (IceCv)
  5 glowing orange brains
  14 naga ritualists
  A spectral hydra (Lair:3)
  24 ironbound convokers
  A golden dragon skeleton (Depths:3)
  14 harpies
  6 orc knights
  22 deep elf zephyrmancers
  10 lindwurms
  A tengu zombie (WizLab)
  4 phantasmal warriors
  A harpy (shapeshifter) (D:15)
  6 necromancers
  11 wizards
  9 deep elf archers
  24 deep elf pyromancers
  32 ugly things
  17 mana vipers
  A mana viper (shapeshifter) (Depths:2)
  4 oklob plants (Lair:5)
  10 fauns
  A wolf spider (D:15)
  5 orc sorcerers
  2 frost giant zombies (WizLab)
  12 cyclopes
  A tengu skeleton (Depths:4)
  13 manticores
  17 salamanders
  8 merfolk sirens
  A human skeleton (Vaults:4)
  13 elephants
  Maurice (D:8)
  31 moths of wrath
  5 elf zombies
  A fire giant skeleton (Depths:3)
  15 vault sentinels
  47 black mambas
  10 guardian serpents
  2 ice statues (D:15)
  Joseph (D:8)
  2 smoke demons (Volcano)
  A water nymph (Shoals:4)
  A molten gargoyle (Desolation)
  7 cane toads
  An orange demon (Depths:1)
  5 torpor snails (Lair:6)
  2 gargoyles
  A guardian serpent (shapeshifter) (Vaults:5)
  2 elf skeletons
  18 naga magi
  A spriggan zombie (WizLab)
  3 unseen horrors
  Maggie (D:8)
  6 rime drakes
  48 yaktaurs
  2 kobold demonologists (D:12)
  3 guardian mummies (WizLab)
  A yaktaur (shapeshifter) (Vaults:5)
  3 freezing wraiths
  7 komodo dragons
  A tormentor (Depths:1)
  38 merfolk
  4 tengu conjurers
  11 trolls
  6 ice devils (D:15)
  3 meliai (D:15)
  A shadow dragon simulacrum (Vaults:4)
  51 saltlings (Desolation)
  4 wind drakes
  3 tyrant leeches (Lair:6)
  11 hornets
  25 polar bears
  4 raiju (Lair:6)
  2 fire dragon zombies (WizLab)
  3 ettin zombies (WizLab)
  22 slime creatures
  8 blink frogs
  13 snapping turtles
  7 dream sheep
  A spectral black mamba (Lair:3)
  An air elemental (Elf:1)
  9 water elementals
  An ettin skeleton (Vaults:4)
  2 wyverns
  5 basilisks
  5 humans (Zot:3)
  6 vampire mosquitoes (D:12)
  13 yaks
  3 fire elementals
  A neqoxec (Zot:1)
  5 steam dragons
  10 wargs
  2 acid dragons
  A human zombie (WizLab)
  50 nagas
  A swamp worm (shapeshifter) (Depths:4)
  A water moccasin (shapeshifter) (Vaults:5)
  14 water moccasins
  14 hell hounds
  A swamp drake (shapeshifter) (Elf:3)
  A sky beast (D:7)
  An ettin simulacrum (Vaults:4)
  12 black bears
  A spectral torpor snail (Lair:3)
  13 ogres
  44 orc warriors
  A necrophage (D:7)
  An ogre (shapeshifter) (Vaults:5)
  A black mamba simulacrum (Lair:3)
  23 centaurs
  A boggart (Elf:1)
  36 wolves
  7 kobold brigands
  An elf simulacrum (Depths:4)
  23 bullfrogs
  A gnoll sergeant (Orc:2)
  3 scorpions
  5 earth elementals
  A dream sheep simulacrum (Lair:3)
  6 electric eels
  5 wights (D:8)
  A torpor snail simulacrum (Lair:3)
  9 howler monkeys
  2 centaur zombies
  A hound (D:4)
  A jelly (D:6)
  32 orc priests
  5 centaur skeletons
  An iguana (D:5)
  40 orc wizards
  A lightning spire (Zot:3)
  A hound skeleton (D:5)
  3 howler monkey zombies
  13 gnolls
  5 adders
  A shadow imp (D:7)
  An ufetubus (D:5)
  An adder zombie (D:5)
  2 worms
  3 dart slugs
  88 orcs
  An endoplasm (shapeshifter) (Vaults:5)
  10 endoplasms
  A giant cockroach (D:4)
  6 hobgoblins
  3 jackals (D:3)
  28 kobolds
  2 quokkas (D:1)
  7 ball pythons
  7 bats
  6 frilled lizards
  14 goblins
  6 rats
  2 butterflies
  A plant (Shoals:3)
  10 tentacles
2281 creatures vanquished.

Vanquished Creatures (collateral kills)
  A yaktaur (Vaults:3)
1 creature vanquished.

Vanquished Creatures (others)
  A golden dragon (Zot:5)
  2 draconian annihilators (Zot:5)
  A deep elf pyromancer (D:12)
  18 fungi
  117 plants
  12 tentacles
151 creatures vanquished.

Grand Total: 2433 creatures vanquished

Notes
Turn   | Place    | Note
-------+----------+-------------------------------------------
     0 | D:1      | Banquo the Formicid Fighter began the quest for the Orb.
     0 | D:1      | Reached XP level 1. HP: 18/18 MP: 1/1
   221 | D:1      | Reached XP level 2. HP: 21/24 MP: 2/2
   306 | D:1      | You fall into a shaft and drop 1 floor!
   502 | D:1      | Reached XP level 3. HP: 24/29 MP: 3/3
  1119 | D:2      | Found a stormy altar of Qazlal.
  1133 | D:2      | Became a worshipper of Qazlal Stormbringer
  1187 | D:2      | Found Maradydyf's Magic Scroll Shop.
  1204 | D:2      | Bought a scroll of magic mapping for 49 gold pieces
  1340 | D:2      | Found a faded altar of an unknown god.
  1364 | D:2      | Reached XP level 4. HP: 35/35 MP: 4/4
  2153 | D:2      | Found Maradydyf's Magic Scroll Shop.
  2413 | D:2      | Found a stormy altar of Qazlal.
  2469 | D:2      | Found a faded altar of an unknown god.
  3054 | D:3      | Reached * piety under Qazlal
  3118 | D:3      | Reached XP level 5. HP: 41/41 MP: 5/5
  3400 | D:3      | Found a burning altar of Makhleb.
  3728 | D:3      | Reached skill level 1 in Invocations
  3744 | D:3      | Reached skill level 5 in Axes
  4127 | D:4      | Noticed a kobold brigand
  4135 | D:4      | Killed a kobold brigand
  4136 | D:4      | Reached XP level 6. HP: 33/47 MP: 5/7
  4279 | D:4      | Found a stormy altar of Qazlal.
  4602 | D:4      | Found a staircase to the Ecumenical Temple.
  4746 | D:4      | Identified the +12 whip "Killer Bee's Bane" {vorpal, rElec
                  | MP-9 Str+2 Stlth+}
  4913 | D:4      | Reached skill level 1 in Dodging
  4991 | D:4      | Reached XP level 7. HP: 52/52 MP: 8/8
  5005 | D:4      | Reached ** piety under Qazlal
  5244 | D:5      | Entered Level 5 of the Dungeon
  5477 | D:5      | Noticed a yak
  5789 | D:5      | Found an opulent altar of Gozag.
  6213 | D:5      | Reached skill level 5 in Shields
  6362 | D:5      | Killed a yak
  6363 | D:5      | Reached XP level 8. HP: 49/60 MP: 10/10
  6724 | D:6      | Identified the +5 ring mail "Yqiw" {Rampage rElec MP+9}
  7107 | D:6      | Found an ornate altar of the Wu Jian Council.
  7113 | D:6      | Reached skill level 4 in Fighting
  8482 | D:7      | Reached XP level 9. HP: 65/65 MP: 12/12
  8742 | D:7      | Identified the +7 falchion "Roek" {drain, Int+4 Dex-5}
  9192 | D:8      | Found a flagged portal.
  9196 | D:8      | Identified the +6 short sword "Beetle's Demise" {spect,
                  | Will+ Str+5 Dex+4}
  9237 | Bailey   | Entered a bailey
  9252 | Bailey   | Noticed an orc warlord
  9259 | Bailey   | Reached *** piety under Qazlal
  9346 | Bailey   | Reached skill level 5 in Invocations
  9454 | Bailey   | Reached skill level 5 in Armour
  9534 | Bailey   | Found a runed translucent gate.
  9534 | Bailey   | Found a runed translucent gate.
  9542 | Bailey   | Found a runed translucent gate.
  9908 | Bailey   | Killed an orc warlord
  9909 | Bailey   | Reached skill level 5 in Fighting
  9909 | Bailey   | Reached XP level 10. HP: 38/74 MP: 14/14
 10196 | Bailey   | Acquired the +0 pair of boots "Dumnojeo" {rN+ Will+ Str+2
                  | Slay+3}
 10213 | Bailey   | Reached skill level 6 in Fighting
 10213 | Bailey   | Reached skill level 10 in Axes
 10213 | Bailey   | Reached skill level 10 in Shields
 10213 | Bailey   | Reached XP level 11. HP: 83/83 MP: 15/15
 10302 | D:8      | Noticed Maurice
 10322 | D:8      | Killed Maurice
 10507 | D:8      | Noticed Joseph
 10513 | D:8      | Killed Joseph
 10604 | D:8      | Noticed Maggie
 10626 | D:8      | Killed Maggie
 10937 | D:8      | Found a hide-covered altar of Uskayaw.
 11075 | D:9      | Reached **** piety under Qazlal
 11152 | D:9      | Noticed a two-headed ogre
 11368 | D:9      | Reached skill level 7 in Fighting
 11465 | D:9      | Noticed a two-headed ogre
 11474 | D:9      | Killed a two-headed ogre
 11490 | D:9      | Noticed a centaur warrior
 11504 | D:9      | Killed a centaur warrior
 11726 | D:9      | Reached XP level 12. HP: 91/91 MP: 17/17
 11734 | D:9      | Killed a two-headed ogre
 11838 | D:9      | Found a staircase to the Lair.
 12236 | Lair:1   | Entered Level 1 of the Lair of Beasts
 12442 | Lair:1   | Reached skill level 5 in Dodging
 13241 | Lair:2   | Found a staircase to the Snake Pit.
 13246 | Lair:2   | Reached skill level 8 in Fighting
 13388 | Lair:2   | Noticed a seven-headed hydra
 13404 | Lair:2   | Killed a seven-headed hydra
 13527 | Lair:2   | Reached XP level 13. HP: 98/98 MP: 18/18
 14049 | Lair:2   | Found a staircase to the Shoals.
 14696 | Lair:3   | Found a runed translucent gate.
 14697 | Lair:3   | Found a runed translucent gate.
 14698 | Lair:3   | Found a runed translucent gate.
 14700 | Lair:3   | Noticed makewrite's ghost (journeyman MiMo)
 15283 | Lair:4   | Noticed Nessos
 15302 | Lair:4   | Killed Nessos
 15842 | Lair:4   | Noticed Snorg
 15895 | Lair:4   | Killed Snorg
 16368 | Lair:5   | Noticed a six-headed hydra
 16472 | Lair:5   | Killed a six-headed hydra
 16832 | Lair:5   | Noticed a four-headed hydra
 16842 | Lair:5   | Killed a four-headed hydra
 16954 | Lair:5   | Reached skill level 9 in Fighting
 17700 | Lair:6   | Entered Level 6 of the Lair of Beasts
 17708 | Lair:6   | Reached XP level 14. HP: 108/108 MP: 20/20
 17756 | Lair:6   | Found a dark tunnel.
 17780 | Volcano  | Entered a volcano
 18977 | Lair:6   | Reached ***** piety under Qazlal
 19375 | Lair:6   | Reached skill level 15 in Shields
 19651 | Lair:6   | Found a viscous altar of Jiyva.
 19651 | Lair:6   | Found a staircase to the Slime Pits.
 19865 | Lair:6   | Found a runed translucent door.
 19984 | Lair:6   | Reached XP level 15. HP: 70/115 MP: 22/22
 20725 | D:10     | Entered Level 10 of the Dungeon
 21084 | D:10     | Found a staircase to the Orcish Mines.
 21113 | D:10     | Reached skill level 10 in Fighting
 21400 | D:10     | Reached skill level 15 in Axes
 22000 | D:11     | Identified the +2 chain mail of Leapfrog {-Cast Harm rC+++
                  | Int-3}
 22551 | D:12     | Found a flickering gateway to a bazaar.
 22573 | Bazaar   | Entered a bazaar
 22576 | Bazaar   | Found Oduzoaj's Antique Armour Boutique.
 22580 | Bazaar   | Found Rixeloer's Armour Shoppe.
 22585 | Bazaar   | Found Jidukann's Jewellery Boutique.
 22600 | Bazaar   | Found Ficvive's Antique Weapon Shop.
 22604 | Bazaar   | Found Sucw's Assorted Antiques.
 22621 | Bazaar   | Bought a glowing garnet amulet for 135 gold pieces
 22631 | Bazaar   | Bought a potion of might for 108 gold pieces
 22652 | Bazaar   | Bought a pitted kite shield for 247 gold pieces
 22652 | Bazaar   | Identified the +0 kite shield "Byxah" {Harm Drain rElec
                  | Will+ Stlth+} (You bought it in a shop in a bazaar)
 22949 | D:12     | Reached skill level 10 in Invocations
 23110 | D:12     | Reached ****** piety under Qazlal
 23484 | Orc:1    | Entered Level 1 of the Orcish Mines
 23542 | Orc:1    | Noticed an orc warlord
 23561 | Orc:1    | Killed an orc warlord
 23996 | Orc:1    | Noticed an orc warlord
 24003 | Orc:1    | Killed an orc warlord
 24214 | Orc:2    | Entered Level 2 of the Orcish Mines
 24366 | Orc:2    | Reached skill level 10 in Armour
 24570 | Orc:2    | Noticed an orc warlord
 24598 | Orc:2    | Killed an orc warlord
 24599 | Orc:2    | Reached skill level 11 in Fighting
 24795 | Orc:2    | Found a staircase to the Elven Halls.
 24811 | Orc:2    | Found a bloodstained altar of Trog.
 25148 | Orc:2    | Found Ysiuthrid's Antique Weapon Boutique.
 25148 | Orc:2    | Found Bion's Assorted Antiques.
 25151 | Orc:2    | Found Eqavvem's Armour Shop.
 25153 | Orc:2    | Found Abey's Armour Boutique.
 25170 | Orc:2    | Bought a potion of might for 88 gold pieces
 25170 | Orc:2    | Bought a potion of cancellation for 176 gold pieces
 25171 | Orc:2    | Bought a translucent broad axe for 207 gold pieces
 25171 | Orc:2    | Identified the +5 broad axe "Ant's Peril" {holy, rElec rC+
                  | Dex-5} (You bought it in a shop on level 2 of the Orcish
                  | Mines)
 25422 | D:13     | Reached XP level 16. HP: 125/125 MP: 23/23
 25673 | D:13     | Found Xesepn's Antique Armour Boutique.
 26068 | D:13     | Found a gate to the Vaults.
 26473 | D:14     | Noticed Frances
 26483 | D:14     | Killed Frances
 26713 | D:14     | Found a burning altar of Makhleb.
 26777 | D:15     | Entered Level 15 of the Dungeon
 26883 | D:15     | Found a frozen archway.
 26901 | IceCv    | Entered an ice cave
 27107 | IceCv    | Reached skill level 12 in Fighting
 27239 | IceCv    | Noticed a frost giant
 27260 | IceCv    | Reached XP level 17. HP: 133/133 MP: 25/25
 27396 | IceCv    | Got Zoph's Catalogue of Cold
 28086 | Snake:1  | Entered Level 1 of the Snake Pit
 28450 | Snake:1  | Got Sif Muna's Catalogue of Dung
 28519 | Snake:1  | Identified the +10 spear of the Dancing Firefly {vorpal,
                  | rElec Str+4 Int+4}
 29091 | Snake:2  | Noticed Jorgrun
 29094 | Snake:2  | You fall into a shaft and drop 1 floor!
 29294 | Snake:2  | Reached skill level 13 in Fighting
 29671 | Snake:2  | Reached XP level 18. HP: 143/143 MP: 26/26
 29908 | Snake:2  | Killed Jorgrun
 30458 | Snake:2  | Identified the +0 chain mail of Free Expression {rF++ Will-
                  | Int+2}
 30973 | Snake:3  | Found a runed translucent door.
 30981 | Snake:3  | Noticed Dittersdorf's ghost (adept MiBe)
 31014 | Snake:3  | Found Ritt's Jewellery Shoppe.
 31014 | Snake:3  | Found Poufedoq's Book Boutique.
 31016 | Snake:3  | Found Qomuhou's Jewellery Shoppe.
 31309 | Snake:3  | Found Hawoeh's Self-Improvement Boutique.
 31318 | Snake:3  | Reached skill level 14 in Fighting
 31427 | Snake:4  | Entered Level 4 of the Snake Pit
 31498 | Snake:4  | Noticed Donald
 31597 | Snake:4  | Reached XP level 19. HP: 136/152 MP: 28/28
 31604 | Snake:4  | Killed Donald
 31661 | Snake:4  | Noticed Vashnia
 31952 | Snake:4  | Killed Vashnia
 32161 | Snake:4  | Reached skill level 15 in Fighting
 32446 | Snake:4  | Got a serpentine rune of Zot
 32790 | Elf:1    | Entered Level 1 of the Elven Halls
 33188 | Elf:1    | Found Koemygyr's Weapon Shop.
 33245 | Elf:1    | Reached skill level 10 in Dodging
 34007 | Elf:2    | Found a shimmering blue altar of Sif Muna.
 34417 | Elf:2    | Found Sypp's General Store.
 34505 | Elf:2    | Reached XP level 20. HP: 164/164 MP: 29/29
 34586 | Elf:2    | Reached skill level 16 in Fighting
 34611 | Elf:2    | Found a runed translucent gate.
 34612 | Elf:2    | Found a runed translucent gate.
 34612 | Elf:2    | Found a runed translucent gate.
 35286 | Elf:2    | Reached skill level 17 in Fighting
 35541 | Elf:2    | Bought a potion of heal wounds for 50 gold pieces
 35560 | Elf:3    | Entered Level 3 of the Elven Halls
 36425 | Elf:3    | Reached skill level 18 in Fighting
 36603 | Elf:3    | Identified the +4 leather armour "Kimiuh" {rC++ Str+2}
 36856 | Elf:3    | Identified the amulet of Voaher {Faith Rampage rCorr Str+3}
 37299 | Elf:3    | Identified the +3 leather armour of the Ancient Knives
                  | {-Cast Rampage Will++ Stlth+}
 37375 | Elf:3    | Identified the +11 morningstar of the Radish {vamp,
                  | *Corrode rPois Str+3 Int+4}
 37529 | Elf:3    | Reached skill level 19 in Fighting
 37529 | Elf:3    | Reached XP level 21. HP: 167/180 MP: 30/30
 37878 | Elf:3    | Identified the +3 falchion "Qeaneaz" {vorpal, rF- rC+ Int+8
                  | Dex+4}
 37970 | Elf:3    | Found the +2 hood of the Assassin {Detection Stab+ Stlth++}
 37979 | Elf:3    | Got Sif Muna's Compendium of Scorching Dislocation
 38672 | Shoals:1 | Entered Level 1 of the Shoals
 39072 | Shoals:1 | Got Qothridd's Disquisition on the Spatial Snowflakes
 40017 | Shoals:2 | Reached skill level 20 in Fighting
 40215 | Shoals:2 | Found Ellaenn's Armour Shoppe.
 40217 | Shoals:2 | Identified the +0 ring mail of the Turtledove {Will+ Int+2
                  | Dex+3}
 40678 | Shoals:3 | Noticed Polyphemus
 40974 | Shoals:3 | Killed Polyphemus
 41748 | Shoals:4 | Entered Level 4 of the Shoals
 41750 | Shoals:4 | Noticed Ilsuiw
 41900 | Shoals:3 | Killed Ilsuiw
 42388 | Shoals:4 | Got a barnacled rune of Zot
 42616 | Shoals:4 | Reached XP level 22. HP: 159/191 MP: 31/31
 42699 | Shoals:4 | Identified the ring "Ytav" {rPois rC+ Str+5 Int+3}
 44100 | D:15     | Found the +8 frozen axe "Frostbite" {freezing cloud, *Noise
                  | Fly rC+}
 44113 | D:15     | Acquired a manual of Axes
 44284 | D:15     | Found a staircase to the Depths.
 44696 | Vaults:1 | Entered Level 1 of the Vaults
 44770 | Vaults:1 | Found a magical portal.
 44798 | WizLab   | Entered Doroklohe's Tomb
 44861 | WizLab   | Identified the +3 ring mail of Pexkym {+Inv}
 44869 | WizLab   | Noticed a royal mummy
 44880 | WizLab   | Killed a royal mummy
 44996 | WizLab   | Found the +10 tower shield of Ignorance {rN+ Int-4}
 46352 | Vaults:1 | Found Xyegao's Antique Weapon Boutique.
 46483 | Vaults:1 | Reached XP level 23. HP: 198/198 MP: 32/32
 46887 | Vaults:2 | Noticed Mara
 46890 | Vaults:2 | Noticed Banquo's illusion
 46898 | Vaults:2 | Killed Mara
 48162 | Vaults:3 | Reached XP level 24. HP: 204/206 MP: 32/32
 48171 | Vaults:3 | You are sucked into a shaft and drop 1 floor!
 48278 | Vaults:4 | Found Xuasemont's Assorted Antiques.
 48346 | Vaults:4 | Found a crumbling gateway.
 48408 | Desolati | Entered the Desolation of Salt
 48622 | Desolati | Identified the +6 chain mail "Avo Ziani" {rF+ Str+5}
 48630 | Desolati | Identified the +4 dagger "Hydraslayer" {vamp, rF++ Dex+3
                  | Stlth+}
 48633 | Desolati | Identified the ring of Vijiu {Fly rPois}
 48642 | Desolati | Identified the +8 plate armour of Refuge {-Tele rPois Int+7
                  | Stlth+}
 48740 | Desolati | Got Byzuryt's Grimoire of Sinister Rituals
 48747 | Desolati | Identified the +0 hunting sling of Fate {venom, Int+3 SInv}
 48789 | Desolati | Got the Incunabulum of Aerial Poisoning
 48797 | Desolati | Got Xarri's Guide on the Entourage and Flight
 48914 | Desolati | Identified the +5 spear of Degieluz {antimagic, rPois rC-
                  | Stlth+}
 48916 | Desolati | Identified the +1 ring mail of Cheibriados's Esteem {rN+}
 48918 | Desolati | Got the Catalogue of the Earthen Escort
 48921 | Desolati | Identified the +0 battleaxe of Harmony {spect, rPois rC+
                  | Int-2}
 50324 | Vaults:3 | Found a staircase to the Crypt.
 50346 | Vaults:3 | Noticed a dread lich
 50353 | Vaults:3 | Killed a dread lich
 51630 | Vaults:4 | Reached skill level 1 in Throwing
 51630 | Vaults:4 | Reached XP level 25. HP: 187/213 MP: 33/33
 52137 | Depths:1 | Entered Level 1 of the Depths
 52142 | Depths:1 | Reached skill level 21 in Fighting
 52223 | Depths:1 | Found a gateway to Hell.
 52262 | Depths:1 | Identified the +7 great mace "Nauhyv" {vorpal, +Rage rN+}
 52442 | Depths:1 | Found a one-way gate leading to the halls of Pandemonium.
 52637 | Depths:1 | Found a broken altar of Ashenzari.
 53028 | Depths:2 | Noticed Asterion
 53066 | Depths:2 | Killed Asterion
 53540 | Depths:2 | Identified the +10 hand crossbow of Immorality {freeze, rN+
                  | Will+}
 53594 | Depths:2 | Identified the +1 leather armour of the Engineer {*Slow
                  | rC++ MP-9 Dex+4}
 54129 | Depths:3 | Reached XP level 26. HP: 222/222 MP: 33/33
 54837 | Depths:3 | Identified the +5 hunting sling of the World {flame, Str-2
                  | Int+4 Dex+2}
 54838 | Depths:3 | Reached skill level 5 in Throwing
 55072 | Depths:4 | Reached skill level 22 in Fighting
 55095 | Depths:4 | Identified the ring "Hefoigu" {Fly Will+ rCorr}
 55140 | Depths:4 | Found a corrupted altar of Lugonu.
 55140 | Depths:4 | Found a one-way gate to the infinite horrors of the Abyss.
 55140 | Depths:4 | Noticed Saint Roka
 55174 | Depths:4 | Killed Saint Roka
 55241 | Depths:4 | Found a flickering gateway to a bazaar.
 55258 | Bazaar   | Entered a bazaar
 55277 | Bazaar   | Found Irueru's Antique Armour Shoppe.
 55293 | Bazaar   | Found Wyrphuh's Distillery.
 55293 | Bazaar   | Found Jomar's Antique Armour Shoppe.
 55315 | Bazaar   | Found Didadoiz's Antique Armour Emporium.
 55315 | Bazaar   | Found Hous's Weapon Shoppe.
 55337 | Bazaar   | Found Guxkelice's Weapon Emporium.
 55337 | Bazaar   | Found Caystrashro's Armour Shoppe.
 55397 | Bazaar   | Bought a potion of invisibility for 104 gold pieces
 55397 | Bazaar   | Bought a potion of ambrosia for 104 gold pieces
 55397 | Bazaar   | Bought a potion of curing for 39 gold pieces
 55397 | Bazaar   | Bought a potion of curing for 39 gold pieces
 55397 | Bazaar   | Bought 2 potions of curing for 78 gold pieces
 55403 | Bazaar   | Bought a bloodstained scale mail for 216 gold pieces
 55403 | Bazaar   | Identified the +4 scale mail of Myimyxes {rPois MP+9 Int+2}
                  | (You bought it in a shop in a bazaar)
 55532 | Depths:4 | Found a stormy altar of Qazlal.
 55701 | Depths:4 | Identified the +8 trident of Zirphappy {vorpal, Fly}
 56101 | Depths:4 | Noticed a juggernaut
 56117 | Depths:4 | Killed a juggernaut
 56145 | Depths:4 | Identified the +6 scale mail of Buluk {Stlth+}
 56226 | Depths:4 | Noticed a juggernaut
 56231 | Depths:4 | Killed a juggernaut
 56345 | Depths:4 | Reached XP level 27. HP: 211/232 MP: 33/33
 56400 | Depths:4 | Got the Catalogue of Confrontation
 56409 | Depths:4 | Got the Incunabulum of the Birds and Fire
 56505 | Depths:5 | Entered Level 5 of the Depths
 56529 | Depths:4 | Reached skill level 23 in Fighting
 56738 | Depths:5 | Reached skill level 15 in Armour
 56806 | Depths:5 | Found a transporter.
 56870 | Depths:5 | Found a transporter.
 56871 | Depths:5 | Noticed Janeylunn's ghost (veteran GnWn)
 57055 | Depths:5 | Found a gateway to a ziggurat.
 57602 | Depths:5 | Found a gate to the Realm of Zot.
 58007 | Depths:5 | Reached skill level 24 in Fighting
 58012 | Depths:5 | Killed Janeylunn's ghost
 58083 | Depths:5 | Identified the ring of the Harvest {rElec rC- rN+ Will-
                  | Str+10}
 58516 | Lair:3   | Killed makewrite's ghost
 58837 | Snake:3  | Killed Dittersdorf's ghost
 59498 | Vaults:4 | You are sucked into a shaft and drop 1 floor!
 59498 | Vaults:5 | Entered Level 5 of the Vaults
 59843 | Vaults:5 | Identified the +7 longbow "Zoebicepeu" {flame, rElec Str+4}
 59985 | Vaults:5 | Reached skill level 15 in Invocations
 59988 | Vaults:5 | Identified the +6 trident of the Reaper {vamp, rElec rPois}
 60181 | Vaults:5 | Noticed an ancient lich
 60189 | Vaults:5 | Killed an ancient lich
 60190 | Vaults:5 | Reached skill level 25 in Fighting
 60257 | Vaults:5 | Found the +3 crown of Dyrovepreva {rElec Int+2 SInv}
 60261 | Vaults:5 | Identified the +6 scale mail of the Journeyman {rPois Will-
                  | Dex+5}
 60262 | Vaults:5 | Identified the +1 crystal plate armour of the Robin {rN+}
 60264 | Vaults:5 | Identified the +5 dagger of the Jester {vorpal, Str+4 Int+2
                  | Dex+4}
 60547 | Vaults:5 | Noticed a dread lich
 60551 | Vaults:5 | Killed a dread lich
 60642 | Vaults:5 | Identified the +5 hand crossbow of Lergh {penet, Str+6
                  | Int+2 SInv}
 60656 | Vaults:5 | Got a silver rune of Zot
 60683 | Vaults:5 | Identified the +4 long sword of Kidyto {freeze, Dex+2}
 62530 | Zot:1    | Entered Level 1 of the Realm of Zot
 62692 | Zot:1    | Noticed an orb of fire
 62696 | Zot:1    | Gained mutation: You are weak. (Str -2) [an orb of fire]
 62703 | Zot:1    | Killed an orb of fire
 62801 | Zot:1    | Identified the +4 broad axe "Goblinbane" {vorpal, +Rage
                  | Int+2 Dex+4}
 62882 | Zot:1    | Identified the +10 dagger of Patience {elec, Int+7}
 63613 | Zot:2    | You are sucked into a shaft and drop 2 floors!
 63661 | Zot:4    | Reached skill level 15 in Dodging
 63709 | Zot:2    | Reached skill level 26 in Fighting
 64539 | Zot:3    | Noticed a Killer Klown
 64554 | Zot:3    | Killed a Killer Klown
 64575 | Zot:3    | Noticed a Killer Klown
 64588 | Zot:3    | Noticed a Killer Klown
 64594 | Zot:3    | Killed a Killer Klown
 64599 | Zot:3    | Killed a Killer Klown
 64599 | Zot:3    | Noticed a Killer Klown
 64607 | Zot:3    | Killed a Killer Klown
 64677 | Zot:3    | Reached skill level 27 in Fighting
 64685 | Zot:3    | Got the Handbook of Summoning
 64795 | Zot:3    | Noticed a Killer Klown
 64814 | Zot:3    | Killed a Killer Klown
 65820 | Zot:5    | Entered Level 5 of the Realm of Zot
 65876 | Zot:5    | Noticed an orb of fire
 67296 | Zot:5    | Noticed a Killer Klown
 67311 | Zot:5    | Noticed an orb of fire
 67325 | Zot:5    | Killed an orb of fire
 67329 | Zot:5    | Killed a Killer Klown
 67334 | Zot:5    | Noticed an orb of fire
 67335 | Zot:5    | Gained mutation: You are very weak. (Str -4) [an orb of
                  | fire]
 67337 | Zot:5    | Gained mutation: You are dopey. (Int -2) [an orb of fire]
 67340 | Zot:5    | Gained mutation: You are frail. (-10% HP) [an orb of fire]
 67342 | Zot:5    | Killed an orb of fire
 67342 | Zot:5    | Noticed an orb of fire
 67348 | Zot:5    | Killed an orb of fire
 67348 | Zot:5    | Noticed an orb of fire
 67355 | Zot:5    | Killed an orb of fire
 67356 | Zot:5    | Noticed an ancient lich
 67362 | Zot:5    | Killed an ancient lich
 67362 | Zot:5    | Noticed a dread lich
 67366 | Zot:5    | Killed a dread lich
 67367 | Zot:5    | Noticed a Killer Klown
 67369 | Zot:5    | Noticed an ancient lich
 67372 | Zot:5    | Killed an ancient lich
 67375 | Zot:5    | Noticed a Killer Klown
 67379 | Zot:5    | Killed a Killer Klown
 67384 | Zot:5    | Killed a Killer Klown
 67423 | Zot:5    | Noticed an ancient lich
 67423 | Zot:5    | Noticed a dread lich
 67437 | Zot:5    | Killed an ancient lich
 67442 | Zot:5    | Killed a dread lich
 68416 | Zot:5    | Noticed a dread lich
 68424 | Zot:5    | Killed a dread lich
 68850 | Zot:5    | Lost mutation: You are dopey. (Int -2) [potion of mutation]
 68850 | Zot:5    | Gained mutation: A frigid envelope surrounds you and
                  | freezes all who hurt you. [potion of mutation]
 68851 | Zot:5    | Lost mutation: You are frail. (-10% HP) [potion of
                  | mutation]
 68851 | Zot:5    | Lost mutation: You are very weak. (Str -4) [potion of
                  | mutation]
 68851 | Zot:5    | Gained mutation: Your magical capacity is low. (-10% MP)
                  | [potion of mutation]
 68853 | Zot:5    | Got the Orb of Zot
 69300 | D:1      | Woot!
 69301 | D:$      | Escaped with the Orb!

Illustrated notes

#######.............#
#...................#
#.......##.##.......#
#.......##.#........#
#######..#..........#
##...#.......##
#.....++'+++.#
#.#...+....+.#
#.#...+.@°☼+.#
#.#...+....+.#
#.#...+....+.#
#.##..○+++++.#
#.##.........#
#.##...##....#
#.###..#.##..# #.#
#.>#.....# #.#
##.#.##..#


Turn 69300 on D:1: Woot!

Levels and vault maps discovered:
D:1:      lightli_arrival_maybe_door_vault, layout_basic, minmay_quantized
D:2:      layout_basic, basic_altar, shapermc_ecumenical_altar_mp_urbaneastern,
          serial_shops, nicolae_shop_waterfront
D:3:      layout_basic, nicolae_overflow_crystal_walls, hex_large,
          kennysheep_generic_room_16
D:4:      layout_basic, kennysheep_mini_moat, minmay_temple_entry_fiery,
          serial_curves, eino_curves_04, eino_curves_04, eino_curves_04,
          eino_curves_03
D:5:      kennysheep_big_flooded_room, layout_basic, nicolae_gozag_seed_capital
D:6:      layout_basic, nicolae_wu_jian_immortal_techniques
D:7:      layout_basic, serial_bayou_lake_a
D:8:      layout_rooms, mainiacjoe_overflow_24_doors, enter_bailey_2,
          grunt_ministairs_4, hangedman_abyss_or_decor_stagger, uniq_maggie,
          uniq_joseph, uniq_maurice
D:9:      layout_long_grid, david_lair_shrubbed, hangedman_corner_corridor
D:10:     layout_irregular_city, minmay_orc_entry_temple_small,
          corexii_corridor_pit, corexii_corridor_pit
D:11:     layout_long_grid
D:12:     layout_roguey, serial_shops, bzr_firewalk
D:13:     layout_cave_pools, hangedman_vaults_entry_quadrant_bands,
          serial_shops, nicolae_square_shop
D:14:     layout_basic, kennysheep_flooded_box, minmay_misc_feat_room,
          minmay_misc_feat_alley, kennysheep_generic_room_11, uniq_frances
D:15:     hangedman_depths_entry_try_elsewhere_first, layout_stronghold,
          portal_ice_cave_entry_ice_statue_two,
          hellmonk_guarded_unrand_frostbite
Lair:1:   layout_misc_corridors, serial_forest, infiniplex_forest_end_2,
          infiniplex_forest_lined_ring, infiniplex_forest_clump_curved,
          infiniplex_forest_lined_2, infiniplex_forest_clump_tiny,
          infiniplex_forest_lined_3_way, serial_bayou_pond_e
Lair:2:   layout_cave_pods, elwin_shoals_entry_stream, serial_bayou_pond_a
Lair:3:   layout_hall_layers, gammafunk_ghost_necromancy, minivault_23
Lair:4:   layout_loops_ring, chequers_serial_rivers_small_b,
          chequers_serial_rivers_room_b, uniq_snorg, uniq_nessos
Lair:5:   layout_roguey, chequers_serial_rivers_micro_c, st_stairs_6,
          lemuel_fruit_fields, lemuel_fruit_tree, serial_bayou_shore_b,
          serial_bayou_shore_a, grunt_megastairs_2, serial_bayou_shore_b,
          minmay_lair_oklob_chamber
Lair:6:   hangedman_lair_caniforms_friends, layout_cave_shapes, wormcave,
          dpeg_slime_entry_enclosed_altar, nicolae_volcano_entry_hallway,
          minmay_stone_trees_small, lemuel_fruit_fields
Shoals:1: layout_shoals, hangedman_shoals_cup_caves
Shoals:2: layout_shoals, serial_shops, nicolae_shop_stone
Shoals:3: layout_shoals, uniq_polyphemus
Shoals:4: shoals_end_hangedman, layout_shoals, shoals_ilsuiw_alternative
Snake:1:  layout_onion
Snake:2:  layout_layer_cave, evilmike_ambush [evilmike_ambush_outer_corners,
          evilmike_ambush_inner_cross], uniq_jorgrun
Snake:3:  layout_rooms, ebering_ghost_inner_flame, nicolae_shop_self_help,
          serial_bayou_shore_b, minmay_shop_grove
Snake:4:  grunt_snake_rune_serpentine_throne, layout_rooms, uniq_vashnia,
          uniq_donald
Orc:1:    layout_caves
Orc:2:    st_orc_mages, layout_diamond_mine, basic_altar
Elf:1:    layout_geoelf_octagon, serial_shops, shop_statue,
          hangedman_elf_disciples
Elf:2:    nicolae_elf_blades_crystal_corner, layout_onion_city, serial_shops,
          nicolae_shop_statue_plus, basic_altar
Elf:3:    minmay_elf_hall_curves, layout_geoelf_castle
Vaults:1: nicolae_vaults_big_ls, hangedman_vaults_pinch,
          vaults_standard_mumra_x, grunt_vaults_twisty, v_alt_pattern_5,
          ontoclasm_vaults_hangar, hangedman_vaults_nails,
          vaults_room_glass_cross, ontoclasm_vaults_ring_square,
          nicolae_vaults_gold_heap, layout_vaults_ring, serial_shops,
          nicolae_lakefront_shop, mu_enter_wizlab_1
Vaults:2: v_misc_4, grunt_vaults_hallway_short, v_misc_33, v_misc_2, v_misc_2,
          nicolae_vaults_little_squares_4, ontoclasm_vaults_ligature,
          vaults_mumra_minichess_inversion, v_misc_2, layout_vaults_big_room,
          uniq_mara
Vaults:3: nicolae_vaults_network_s, v_pattern_3, hangedman_vaults_locks,
          v_misc_18, nicolae_vaults_arrows, ontoclasm_vaults_pinch,
          ontoclasm_vaults_shuriken, vaults_dpeg_encased_lava,
          ontoclasm_vaults_gateway, nicolae_vaults_specimen_jars,
          vaults_standard_mumra_lines, st_lattice, vaults_dpeg_ring,
          layout_vaults_omnicross
Vaults:4: nicolae_vaults_little_squares_4, v_rooms_4, v_rooms_5,
          vaults_room_door_hall, vaults_dpeg_hooks, ontoclasm_vaults_fault,
          nicolae_vaults_little_squares_4, layout_vaults_omnigrid,
          portal_desolation_entry_nicolae_slug, serial_shops,
          nicolae_shop_statue_plus
Vaults:5
Depths:1: layout_cave_pools, rand_demon_pan_entry_3,
          pf_vacation_house_of_asmodeus, minivault_16,
          nicolae_ashenzari_skybound
Depths:2: minmay_the_grid_plus [minmay_the_grid_spikes,
          minmay_the_grid_small_cups, minmay_the_grid_doors,
          minmay_the_grid_plusring,
          minmay_the_grid_prize_four_corners_diamond_b], layout_twisted_cross,
          skrybe_limestone_x, hell_entry, serial_rivers,
          chequers_serial_rivers_micro_d, chequers_serial_rivers_large_a,
          chequers_serial_rivers_marsh, chequers_serial_rivers_micro_a,
          kennysheep_another_room, uniq_asterion
Depths:3: minmay_expanding_squares, layout_gridlike, hell_entry,
          kennysheep_big_empty_room, grunt_pan_entry_zigzag,
          infiniplex_staircase_zigzag_1
Depths:4: kennysheep_water_balloons, layout_cave_pools, hell_entry,
          abyss_entry_flame_altar, serial_shops, bzr_entry_dummy,
          grunt_qazlal_clouds, kennysheep_two_boxes, uniq_saint_roka
Depths:5: evilmike_zot_entry_argh, layout_cave_pools, enter_ziggurat_d,
          minmay_misc_feat_chi, abyss_entry, gammafunk_ghost_berserking_beasts,
          hell_entry, minmay_door_square
Zot:1:    layout_basic, st_small_dragon_hoard_2
Zot:2:    layout_onion_interference, grunt_megastairs_4
Zot:3:    circus_mu, layout_misc_corridors, amethyst_zot_foddershock
Zot:4:    layout_concentric_octagons
Zot:5:    layout_basic, bh_zot_lava_cross, nrook_zot_tub

Skill      XL: |  1  2  3  4  5  6  7  8  9 10 11 12 13 14 15 16 17 18 19 20 21 22 23 24 25 26 27 |
---------------+----------------------------------------------------------------------------------+-----
Axes           | 3 4 5 6 7 9 10 11 12 13 14 16 17 18 19 20 21 23 25 26 | 26.0
Invocations    | 1 2 3 4 5 6 7 8 9 10 11 12 13 14 18 | 18.0
Shields        | 4 5 6 8 10 11 12 14 15 16 17 18 19 20 24 | 24.9
Dodging        | 1 2 4 5 6 7 8 9 10 11 12 15 | 15.0
Fighting       | 4 5 6 7 8 9 11 12 13 14 15 19 20 21 22 27 | 27.0
Armour         | 4 5 7 8 9 10 11 12 13 14 20 | 20.0
Throwing       | 1 4 5 |  5.0

Action                   |  1- 3 |  4- 6 |  7- 9 | 10-12 | 13-15 | 16-18 | 19-21 | 22-24 | 25-27 || total
-------------------------+-------+-------+-------+-------+-------+-------+-------+-------+-------++-------
Melee: War axe           |    72 |   113 |   166 |   250 |   374 |       |       |       |       ||   975
       Trident           |    34 |    18 |     7 |       |       |       |       |       |       ||    59
       Whip              |       |       |    25 |     9 |    15 |       |       |       |       ||    49
       Battleaxe         |       |       |       |       |   791 |   964 |  1215 |    97 |       ||  3067
       Executioner's axe |       |       |       |       |       |       |       |   777 |  1882 ||  2659
       Broad axe         |       |       |       |       |       |       |       |    63 |       ||    63
Throw: Boomerang         |       |       |    19 |       |       |       |       |       |       ||    19
Invok: Elemental Force   |       |       |     1 |     1 |       |       |       |     1 |     2 ||     5
       Upheaval          |       |       |       |     2 |     3 |       |     1 |       |     1 ||     7
       Disaster Area     |       |       |       |       |       |     3 |     2 |       |       ||     5
 Abil: Dig               |     1 |     6 |     2 |     6 |    25 |    51 |    45 |    16 |    68 ||   220
       Shaft Self        |       |       |       |       |       |     2 |       |       |     1 ||     3
  Use: Scroll            |     5 |     4 |     3 |     7 |     9 |     1 |     2 |     3 |    20 ||    54
       Potion            |       |       |     4 |     1 |       |     1 |       |       |     4 ||    10
 Stab: Distracted        |       |       |       |       |     1 |     1 |       |     1 |     1 ||     4
Armor: Scale mail        |    26 |       |       |       |       |       |       |       |       ||    26
       Leather armour    |    17 |    27 |     9 |       |       |       |       |       |       ||    53
       Ring mail         |       |       |    28 |    36 |    98 |    79 |    58 |    73 |    21 ||   393
       Storm dragon scal |       |       |       |       |       |       |       |       |    46 ||    46
       Gold dragon scale |       |       |       |       |       |       |       |       |   129 ||   129
Dodge: Dodged            |    36 |    41 |    57 |    76 |   204 |   187 |   166 |   132 |   204 ||  1103
       Repelled          |       |       |       |     1 |     4 |    18 |    16 |       |    18 ||    57
Block: Kite shield       |    67 |    85 |   128 |       |       |       |       |       |       ||   280
       Tower shield      |       |       |       |   262 |   992 |   905 |  1080 |  1095 |  1743 ||  6077
